 Dungeon Crawl Stone Soup version bcrawl-1.37.2 (webtiles) character file.

Game seed: 1473361121501397213

153265 Leeroy the Slasher (level 5, -8/38 HPs)
             Began as a Vampire Skald on Feb 1, 2023.
             Mangled by Eustachio
             ... wielding a +0 falchion
              (10 damage)
             ... on level 4 of the Dungeon on Feb 2, 2023.
             The game lasted 00:05:02 (2604 turns).

Leeroy the Slasher (Vampire Skald)                  Turns: 2604, Time: 00:05:03

Health: -8/38      AC:  6    Str: 14    XL:     5   Next: 40%
Magic:  8/8        EV: 12    Int: 19    God:
Gold:   369        SH:  2    Dex: 18    Spells: 4/8 levels left

rFire    . . .     GDR:     30% a - +0 long sword
rCold    . . .     SeeInvis +   (no shield)
rNeg     . . .     Gourm    .   b - +0 leather armour
rPois    .         Faith    .   g - +2 helmet
rElec    .         Spirit   .   (no cloak)
rCorr    .         Reflect  .   (no gloves)
MR       .....                  (no boots)
Stlth    +.........             d - amulet of magic regeneration
HPRegen  0.42/turn              l - +4 ring of dexterity
MPRegen  0.23/turn              s - +6 ring of intelligence

@: regenerating quickly
A: claws 1, fangs 3, see invisible, unbreathing
a: Bat Form


You were on level 4 of the Dungeon.
You were very full.

You visited 1 branch of the dungeon, and saw 4 of its levels.

You collected 369 gold pieces.

Inventory:

Hand Weapons
 a - a +0 long sword (weapon)
 r - a +4 short sword
 t - a cursed -2 short sword
Armour
 b - a +0 leather armour (worn)
 c - a +2 hat
 g - a +2 helmet (worn)
 w - a +0 cloak
Jewellery
 d - an amulet of magic regeneration (around neck)
 l - a +4 ring of dexterity (left claw)
 s - a +6 ring of intelligence (right claw)
 u - an uncursed ring of poison resistance
Wands
 x - a wand of charming (6)
Scrolls
 e - a scroll of fear
 f - 6 scrolls of remove curse
 h - 2 scrolls of fog {unknown}
 k - a scroll of magic mapping {unknown}
 n - 4 scrolls of enchant weapon {unknown}
 o - 3 scrolls of immolation {unknown}
 p - a scroll of teleportation {unknown}
 v - a scroll of amnesia {unknown}
Potions
 i - a potion of flight {unknown}
 j - 2 potions of heal wounds
 m - a potion of lignification
 q - 11 potions of blood


   Skills:
 - Level 1.7 Fighting
 + Level 6.9 Long Blades
 - Level 0.8 Armour
 - Level 2.1 Dodging
 - Level 2.0 Spellcasting
 - Level 3.2 Charms


You had 4 spell levels left.
You knew the following spells:

 Your Spells              Type           Power        Failure   Level  Hunger
a - Infusion              Chrm           ##......     5%          1    None
b - Spectral Weapon       Hex/Chrm       #.......     32%         3    ####...

Your spell library contained the following spells:

 Spells                   Type           Power        Failure   Level  Hunger
 Song of Slaying          Chrm           ##......     9%          2    ##.....
 Swiftness                Chrm/Air       #.......     16%         2    ##.....
 Ozocubu's Armour         Chrm/Ice       #.......     32%         3    ####...
 Regeneration             Chrm/Necr      #.........   32%         3    ####...


Dungeon Overview and Level Annotations

Branches:
Dungeon (4/12)
 Temple: D:4-7

Altars:
Okawaru

Annotations:
D:4 Eustachio


Innate Abilities, Weirdness & Mutations

Your natural rate of healing is unusually fast.
You have sharp fingernails.
You have razor-sharp teeth.
You have supernaturally acute eyesight. (SInv)
You can survive without breathing.


Message History

Eustachio is severely wounded.
Your spectral weapon barely misses Eustachio.
The river rat barely misses you. The river rat bites you.
* * * LOW HITPOINT WARNING * * *
Eustachio gestures wildly while chanting.
Eustachio blinks!
You hit Eustachio but do no damage.
Eustachio is severely wounded.
Your spectral weapon closely misses Eustachio.
The river rat bites you but does no damage.
The river rat bites you.
* * * LOW HITPOINT WARNING * * *
Eustachio closely misses you.
You closely miss Eustachio.
Eustachio is severely wounded.
Your spectral weapon closely misses Eustachio.
The river rat barely misses you. The river rat closely misses you.
The crimson imp hits you but does no damage.
Eustachio hits you with a +0 falchion!
You die...

#############
############.....#.....##
#........##.......).....#
#........#...............
#........#...............
#........#...............
#..............r5†.......
.........#....5@@........
#.........#....r(.......#
#.........##.....#.....##
#.#....##.###..(########
#.##.#..#...$.###
#.##.##.####..#
#.##...........
..#.........##.
....####.##. ..


You could see Eustachio, 2 crimson imps, 2 river rats and a friendly spectral +0
long sword.

Vanquished Creatures
  A howler monkey (D:4)
  5 adders
  An ooze (D:3)
  2 worms (D:1)
  A dart slug (D:2)
  4 leopard geckos
  6 orcs
  A ball python (D:2)
  5 giant cockroaches
  4 goblins
  14 hobgoblins
  11 jackals
  2 quokkas (D:2)
  5 bats
  3 frilled lizards
  12 kobolds
  A quokka skeleton (D:4)
  3 rats
81 creatures vanquished.

Notes
Turn   | Place    | Note
-------+----------+-------------------------------------------
     0 | D:1      | Leeroy the Vampire Skald began the quest for the Orb.
     0 | D:1      | Reached XP level 1. HP: 16/16 MP: 3/3
   121 | D:1      | Reached skill level 3 in Long Blades
   188 | D:1      | Reached XP level 2. HP: 22/22 MP: 5/5
   355 | D:1      | Reached skill level 4 in Long Blades
   713 | D:2      | Reached XP level 3. HP: 27/27 MP: 6/6
   992 | D:2      | Reached skill level 5 in Long Blades
   995 | D:2      | Found an iron altar of Okawaru.
  1452 | D:2      | Learned a level 3 spell: Spectral Weapon
  1489 | D:3      | Reached XP level 4. HP: 33/33 MP: 7/7
  1812 | D:3      | Reached skill level 6 in Long Blades
  2242 | D:4      | Reached XP level 5. HP: 38/38 MP: 8/8
  2581 | D:4      | Noticed Eustachio
  2604 | D:4      | Mangled by Eustachio

Skill      XL: |  1  2  3  4 |
---------------+-------------+-----
Long Blades    | 3 4 5 6 |  6.9
Fighting       | |  1.7
Armour         | |  0.8
Dodging        | |  2.1
Spellcasting   | |  2.0
Charms         | |  3.2

Action                   |  1- 3 |  4- 6 || total
-------------------------+-------+-------++-------
Melee: Long sword        |   148 |   106 ||   254
       Bite              |    11 |     6 ||    17
 Cast: Spectral Weapon   |       |     1 ||     1
  Use: Scroll            |       |     6 ||     6
 Stab: Sleeping          |     1 |       ||     1
  Eat: Corpse            |    12 |     8 ||    20
Armor: Leather armour    |    43 |    50 ||    93
Dodge: Dodged            |    94 |    85 ||   179
Block: Other             |     3 |     6 ||     9
